 Dungeon Crawl Stone Soup version 0.30-a0-965-g42e074c17a (webtiles) character file.

Game seed: 9632337571543751173

3136 cforsyth the Basher (level 10, -12/83 HPs)
             Began as a Formicid Fighter on Mar 31, 2023.
             Was an Initiate of Ru.
             Mangled by a white ugly thing (16 damage)
             ... on level 8 of the Dungeon.
             The game lasted 00:07:08 (7461 turns).

cforsyth the Basher (Formicid Fighter)              Turns: 7461, Time: 00:07:08

Health: -12/83     AC:  9    Str: 25    XL:     10   Next: 14%
Magic:  10/10      EV:  8    Int:  8    God:    Ru [......]
Gold:   422        SH:  5    Dex: 13    Spells: 9/9 levels left

rFire   . . .      SeeInvis +    y - +0 flail (drain)
rCold   . . .      Faith    .    c - +0 buckler
rNeg    . . .      Spirit   .    s - +0 chain mail
rPois   .          Reflect  .    (helmet unavailable)
rElec   .          Rampage  .    (no cloak)
rCorr   .                        (no gloves)
Will    +....                    (no boots) Stlth
                                 (no amulet)
HPRegen 0.33/turn                (no ring)
MPRegen 0.12/turn                (no ring)

@: no status effects
A: permanent stasis, dig shafts and tunnels, antennae 3, four strong arms
a: Dig, Shaft Self, Renounce Religion


You were on level 8 of the Dungeon.
You worshipped Ru.
Ru was noncommittal.
You visited 1 branch of the dungeon, and saw 8 of its levels.

You collected 422 gold pieces.

Inventory:

Hand Weapons
 a - a +0 flail
 p - a +2 whip of pain
 y - a +0 flail of draining (weapon)
Armour
 b - a +0 scale mail
 c - a +0 buckler (worn)
 s - a +0 chain mail (worn)
Jewellery
 g - a ring of ice
 q - an amulet of regeneration
 D - a ring of poison resistance
Wands
 l - a wand of flame (33)
 z - a wand of roots (5)
 A - a wand of charming (3)
 F - a wand of mindburst (17)
 G - a wand of polymorph (4)
Scrolls
 i - 3 scrolls of identify
 j - a scroll of poison {unknown}
 k - 2 scrolls of noise {unknown}
 n - 2 scrolls of enchant armour {unknown}
 o - 3 scrolls of fog {unknown}
 t - 3 scrolls of blinking {unknown}
 w - 3 scrolls of teleportation {unknown}
 x - a scroll of torment {unknown}
 B - 3 scrolls of immolation {unknown}
 C - a scroll of magic mapping {unknown}
 E - 2 scrolls of enchant weapon {unknown}
 H - a scroll of fear {unknown}
Potions
 d - 2 potions of might
 e - 2 potions of lignification
 f - a potion of ambrosia {unknown}
 h - a potion of curing {unknown}
 m - 2 potions of flight
 r - 4 potions of attraction
 u - a potion of haste
 v - 4 potions of mutation


   Skills:
 + Level 9.2 Fighting
 * Level 11.2 Maces & Flails
 - Level 3.2 Armour
 - Level 4.0 Shields


You had 9 spell levels left.
You didn't know any spells.
Your spell library contained the following spells:

 Spells                   Type           Power      Damage    Failure   Level
 Necrotise                Necr           0%         1d4       98%         1
 Stone Arrow              Conj/Erth      0%         3d7       100%        3
 Vampiric Draining        Necr           0%         2d6       100%        3
 Animate Armour           Summ/Erth      0%         N/A       100%        4
 Manifold Assault         Tloc           0%         N/A       100%        4
 Agony                    Necr           0%         N/A       100%        5
 Storm Form               Tmut/Air       0%         N/A       100%        7
 Lehudib's Crystal Spear  Conj/Erth      0%         10d2      100%        8
 Blink                    Tloc           Unusable   N/A       N/A         2

Dungeon Overview and Level Annotations

Branches:
Dungeon (8/15)             Temple (0/1) D:7
   Lair: D:8-11

Altars:
Ashenzari
Hepliaklqana
Ru

Shops:
D:1 =   D:2 =

Annotations:
D:3 2 runed translucent doors, IdlyInterested's ghost, amateur DsGl


Innate Abilities, Weirdness & Mutations

You cannot be hasted, slowed, berserked, paralysed or teleported.
You can dig through walls and to a lower floor.
You have a pair of large antennae on your head. (SInv)
Your four strong arms can wield two-handed weapons with a shield.


Message History

You sense a monster nearby.
You sense a monster nearby.
An orc comes into view. It is wielding a +0 dagger.
The orc shouts!
A white ugly thing comes into view.
Found a stone staircase leading up.
You block the orc's attack.
You sock the orc!
You kill the orc!
The white ugly thing gurgles horribly!
You sock the white ugly thing!
The white ugly thing is lightly wounded.
The white ugly thing tail-slaps you! The white ugly thing freezes you!!
You hit the white ugly thing but do no damage.
The white ugly thing is lightly wounded.
The white ugly thing closely misses you.
You barely miss the white ugly thing.
The white ugly thing is lightly wounded.
The white ugly thing tail-slaps you! The white ugly thing freezes you!
You are too injured to fight recklessly!
You are too injured to fight recklessly!
You are too injured to fight recklessly!
You are too injured to fight recklessly!
You are too injured to fight recklessly!
You are too injured to fight recklessly!
You are too injured to fight recklessly!
You are too injured to fight recklessly!
You sock the white ugly thing!
The white ugly thing is moderately wounded.
The white ugly thing tail-slaps you but does no damage.
You hit the white ugly thing but do no damage.
You drain the white ugly thing.
The white ugly thing is moderately wounded.
The white ugly thing tail-slaps you. The white ugly thing freezes you!!
* * * LOW HITPOINT WARNING * * *
It was a potion of haste.
Your stasis prevents you from being hasted.
The white ugly thing tail-slaps you!
* * * LOW HITPOINT WARNING * * *
The white ugly thing freezes you!
You die...

################
#....>..........
#.####...#########
###.# ###.#........
#...# #.#.)......
#.########..........
#.#.........@.......
###
#.#.#######.u#######
#.. #.# ##... ...
#.# <##.u ... ####.#
# .... #.. #....#
### #.. ##....# {
..# .'....# .
##....#


You could see a white ugly thing (drained).

Vanquished Creatures
  Duvessa (D:5)
  A water moccasin (D:7)
  An ice beast (D:7)
  A sky beast (D:6)
  4 black bears
  3 ogres
  2 centaurs
  3 phantoms
  3 bullfrogs (D:7)
  6 scorpions
  A water moccasin skeleton (D:6)
  Dowan (D:5)
  A vampire bat (D:4)
  A howler monkey (D:6)
  2 centaur zombies (D:6)
  3 bullfrog zombies (D:6)
  3 hounds
  2 jellies (D:5)
  6 orc priests
  A centaur skeleton (D:6)
  4 orc wizards
  2 iguanas
  A sleepcap (D:7)
  Natasha (thrice) (D:2)
  A howler monkey zombie (D:6)
  3 adders
  An ufetubus (D:4)
  5 dart slugs
  3 fire bats (D:4)
  A worm (D:3)
  28 orcs
  2 spectral bats (D:4)
  3 bat skeletons (D:4)
  A bat zombie (D:4)
  8 endoplasms
  3 giant cockroaches (D:2)
  6 goblins
  4 hobgoblins
  4 jackals (D:2)
  3 quokkas
  12 ball pythons
  13 bats
  A bat simulacrum (D:4)
  8 kobolds
  2 rats
168 creatures vanquished.

Vanquished Creatures (others)
  3 withered plants (D:6)
3 creatures vanquished.

Grand Total: 171 creatures vanquished

Notes
Turn   | Place    | Note
-------+----------+-------------------------------------------
     0 | D:1      | cforsyth the Formicid Fighter began the quest for the Orb.
     0 | D:1      | Reached XP level 1. HP: 18/18 MP: 1/1
   164 | D:1      | Reached XP level 2. HP: 23/24 MP: 2/2
   189 | D:1      | Found Velevo's Jewellery Shop.
   860 | D:2      | Reached XP level 3. HP: 30/30 MP: 3/3
   867 | D:2      | Found Osyel's Jewellery Shoppe.
   877 | D:2      | Reached skill level 3 in Maces & Flails
  1231 | D:2      | Noticed Natasha
  1236 | D:2      | Killed Natasha
  1237 | D:2      | Reached XP level 4. HP: 33/37 MP: 4/4
  1329 | D:2      | Found a faded altar of an unknown god.
  1638 | D:2      | Noticed Natasha
  1647 | D:2      | Killed Natasha
  1648 | D:2      | Reached skill level 4 in Maces & Flails
  1695 | D:2      | Noticed Natasha
  1703 | D:2      | Killed Natasha
  1704 | D:2      | Reached XP level 5. HP: 41/43 MP: 5/5
  2094 | D:3      | Reached skill level 5 in Maces & Flails
  2094 | D:3      | Reached XP level 6. HP: 45/50 MP: 6/6
  2285 | D:3      | Found a large runed translucent door.
  2285 | D:3      | Found a large runed translucent door.
  2290 | D:3      | Noticed IdlyInterested's ghost (amateur DsGl)
  2489 | D:3      | Noticed a black bear
  2499 | D:3      | Killed a black bear
  2500 | D:3      | Reached skill level 5 in Fighting
  3107 | D:4      | Noticed a black bear
  3128 | D:4      | Killed a black bear
  3129 | D:4      | Reached skill level 6 in Maces & Flails
  3129 | D:4      | Reached XP level 7. HP: 34/56 MP: 7/7
  3740 | D:4      | Found a sacrificial altar of Ru.
  3887 | D:4      | Became a worshipper of Ru the Awakened
  3902 | D:5      | Entered Level 5 of the Dungeon
  3934 | D:5      | Reached skill level 7 in Maces & Flails
  3934 | D:5      | Reached XP level 8. HP: 57/63 MP: 8/8
  4190 | D:5      | Reached skill level 8 in Maces & Flails
  4384 | D:5      | Noticed Dowan
  4390 | D:5      | Noticed Duvessa
  4404 | D:5      | Killed Dowan
  4405 | D:5      | Killed Duvessa
  4585 | D:5      | Reached XP level 9. HP: 60/72 MP: 9/9
  4589 | D:5      | Reached skill level 9 in Maces & Flails
  4960 | D:6      | Found a broken altar of Ashenzari.
  5126 | D:6      | Found a hazy altar of Hepliaklqana.
  5971 | D:6      | Reached skill level 10 in Maces & Flails
  6424 | D:7      | Found a staircase to the Ecumenical Temple.
  6646 | D:7      | Reached XP level 10. HP: 82/82 MP: 10/10
  6793 | D:7      | Reached skill level 11 in Maces & Flails
  7054 | D:7      | You fall into a shaft and drop 1 floor!
  7451 | D:8      | Noticed a white ugly thing
  7461 | D:8      | HP: 4/83 [white ugly thing (10)]
  7461 | D:8      | Mangled by a white ugly thing

Illustrated notes

Levels and vault maps discovered:
D:1:      dpeg_arrival_fog, layout_loops_ring, serial_shops, nicolae_shop_stone,
          nicolae_figureground_sparkle
D:2:      layout_loops_ring, shapermc_ecumenical_altar_mp_vishouse,
          serial_shops, nicolae_diamond_shop, minmay_misc_feat_rugged,
          uniq_natasha
D:3:      layout_rooms, ebering_ghost_disaster_area, grunt_decor_resistance
D:4:      layout_basic, kennysheep_mini, goddamned_bats
D:5:      layout_rooms, uniq_duvessa
D:6:      layout_loops_corners, lemuel_crystal_altar,
          mainiacjoe_overflow_small_starburst, serial_undead, serial_undead_c,
          serial_undead_a, serial_undead_c, serial_undead_b
D:7:      layout_loops_ring, minmay_temple_entry_statues_pillars
D:8:      cheibrodos_statue_roulette, layout_basic

Skill      XL: |  1  2  3  4  5  6  7  8  9 10 |
---------------+-------------------------------+-----
Maces & Flails | 3 4 5 6 7 8 10 11 | 11.2
Fighting       | 4 5 6 7 8 9 |  9.2
Armour         | |  3.2
Shields        | |  4.0

Action                     |  1- 3 |  4- 6 |  7- 9 | 10-12 || total
---------------------------+-------+-------+-------+-------++-------
  Melee: Flail             |    78 |    11 |   206 |    55 ||   350
         Whip              |       |   177 |   137 |       ||   314
 Invoke: Reject Sacrifices |       |       |     1 |       ||     1
    Use: Scroll            |       |       |     5 |       ||     5
         Potion            |       |       |       |     1 ||     1
 Armour: Scale mail        |    28 |    17 |       |       ||    45
         Chain mail        |       |    68 |   237 |    17 ||   322
  Dodge: Dodged            |    31 |    64 |   161 |    14 ||   270
  Block: Buckler           |    17 |    36 |    94 |     4 ||   151

Table legend: (Time is in decaauts)
 A = Elapsed time spent in this place.
 B = Non-inter-level travel time spent in this place.
 C = Inter-level travel time spent in this place.
 D = Time resting spent in this place.
 E = Time spent auto-exploring this place.
 F = Levels seen in this place.
 G = Mean time per level.
                   A        B        C        D        E       F      G
               +--------+--------+--------+--------+--------+-----+--------+
         Total |   7429 |   7157 |    272 |    676 |   5196 |   8 |  928.6 |
       Dungeon |   7429 |   7157 |    272 |    676 |   5196 |   8 |  928.6 |
               +--------+--------+--------+--------+--------+-----+--------+

Top non-repeatable levels by time:
     D:5: 1379 daAuts
     D:4: 1174 daAuts
     D:6: 1090 daAuts
     D:2: 1057 daAuts
     D:3: 849 daAuts
     D:1: 822 daAuts
     D:7: 779 daAuts
     D:8: 275 daAuts
